 Dungeon Crawl Stone Soup version 0.17-a0-1942-g46ae386 (webtiles) character file.

244960 Gorice the Tortoise (level 19, -1/155 HPs)
             Began as a Mummy Wanderer on Sept 13, 2015.
             Was an Initiate of Gozag.
             Shot with a bolt by a yaktaur (23 damage)
             ... led by a vault warden
             ... on level 1 of the Vaults on Sept 30, 2015.
             The game lasted 06:54:36 (80465 turns).

Gorice the Tortoise (Mummy Wanderer)               Turns: 80465, Time: 06:54:37

Health: -1/155     AC: 32    Str: 18    XL:     19   Next: 16%
Magic:  29/29      EV: 11    Int: 15    God:    Gozag
Gold:   6291       SH:  0    Dex: 22    Spells: 2 memorised, 28 levels left

rFire  + . .     SeeInvis .     v - +0 great sword (vamp)
rCold  + . .     Clarity  +     s - +3 plate armour {rF+}
rNeg   + + +     SustAt   .     (no shield)
rPois  ∞         Gourm    .     S - +2 helmet
rElec  +         Spirit   .     t - +0 cloak {MR+}
rCorr  .         Warding  .     d - +2 pair of gloves {Dex+3}
rMut   .         Stasis   .     C - +1 pair of boots
MR     +++..                    K - amulet of clarity
Stlth  ..........               P - ring "Molot" {Wiz rN+ Dex+6}
                                p - ring "Mos Jywk" {rElec rPois rF+ Stlth+}

@: extremely resistant to hostile enchantments, extremely unstealthy
A: no food or potions, fire vulnerability, cold resistance 1, negative energy
resistance 3, torment resistance, unbreathing, in touch with death 1, restore
body
a: Self-Restoration, Potion Petition, Call Merchant, Bribe Branch, Renounce
Religion
}: 1/15 runes: gossamer


You were on level 1 of the Vaults.
You worshipped Gozag.
Gozag was noncommittal.
You were not hungry.

You visited 7 branches of the dungeon, and saw 35 of its levels.
You also visited: Volcano.

You collected 18969 gold pieces.
You spent 3837 gold pieces at shops.
You paid 8841 gold pieces to Gozag.

Inventory:

Hand weapons
 a - a +3 double sword of electrocution
   (You took it off Maud on level 12 of the Dungeon)
 f - a +0 great sword of flaming
   (You took it off a salamander on level 2 of the Lair of Beasts)
 v - a +0 vampiric great sword (weapon)
   (You found it on level 8 of the Dungeon)
 B - a +0 blowgun
Missiles
 u - 76 poisoned needles
 z - 3 curare-tipped needles
 G - 13 javelins
 M - 3 poisoned tomahawks
 O - 60 tomahawks (quivered)
 Y - 5 throwing nets
Armour
 d - a +2 pair of gloves of dexterity (worn)
   (You bought it in a shop on level 9 of the Dungeon)
 s - a +3 plate armour of fire resistance (worn)
   (You bought it in a shop on level 13 of the Dungeon)
 t - a +0 cloak of magic resistance (worn)
   (You took it off Crazy Yiuf on level 2 of the Dungeon)
 C - a +1 pair of boots (worn)
 S - a +2 helmet (worn)
Rods
 D - a +7 rod of destruction (12/12) {!a}
   (You took it off an orc sorcerer on level 4 of the Orcish Mines)
Jewellery
 k - an uncursed amulet of resist mutation
 l - an uncursed ring of see invisible
 p - the ring "Mos Jywk" (left hand) {rElec rPois rF+ Stlth+}
   (You bought it in a shop on level 6 of the Dungeon)

   [ring of protection from fire]

   It protects you from fire.
   It insulates you from electricity.
   It protects you from poison.
   It makes you more stealthy.
 r - an uncursed ring of protection from magic
 w - an uncursed amulet of warding
 y - an uncursed ring of sustain attributes
 K - an amulet of clarity (around neck)
 P - the ring "Molot" (right hand) {Wiz rN+ Dex+6}
   (You found it on level 8 of the Lair of Beasts)

   [ring of wizardry]

   It improves your spell success rate.
   It affects your dexterity (+6).
   It protects you from negative energy.
Magical devices
 b - a wand of hasting (2) {!d}
 c - a wand of paralysis (4)
 m - a wand of disintegration (15)
 n - a wand of fire (9)
 I - a wand of confusion (22)
 N - a wand of enslavement (23)
 U - a wand of invisibility (6)
Scrolls
 e - 15 scrolls of identify
 h - a scroll of amnesia
 i - 7 scrolls of teleportation {!r}
 j - 12 scrolls of remove curse
 o - 2 scrolls of fog
 q - a scroll of silence {!r}
 E - 4 scrolls of magic mapping {!r}
 F - a scroll of torment {!r}
 H - a scroll of brand weapon
 J - 2 scrolls of noise {!r}
 R - a scroll of recharging
 T - 2 scrolls of summoning {!r}
Miscellaneous
 g - 2 phantom mirrors
 x - a box of beasts {used: 1}
 A - a lamp of fire
 L - a lantern of shadows
 Q - a phial of floods


   Skills:
 - Level 15.0 Fighting
 - Level 16.0 Long Blades
 - Level 1.0 Throwing
 - Level 16.0 Armour
 - Level 6.8 Dodging
 - Level 1.0 Stealth
   Level 0.8 Shields
 + Level 7.1 Spellcasting
 * Level 8.8 Hexes
 * Level 8.1 Charms
 - Level 1.0 Ice Magic


You had 28 spell levels left.
You knew the following spells:

 Your Spells              Type           Power        Failure   Level  Hunger
a - Freeze                Ice            #...         67%         1    N/A
b - Spectral Weapon       Hex/Chrm       ####....     7%          3    N/A

Dungeon Overview and Level Annotations

Branches:
Dungeon (15/15)            Temple (1/1) D:6            Lair (8/8) D:11
 Shoals (2/4) Lair:3       Spider (4/4) Lair:6        Slime (0/6) Lair:6
    Orc (4/4) D:9             Elf (0/3) Orc:4        Vaults (1/5) D:13
 Depths (0/5) D:15

Altars:
Ashenzari
Cheibriados
Dithmenos
Elyvilon
Fedhas
Gozag
Kikubaaqudgha
Makhleb
Nemelex Xobeh
Okawaru
Qazlal
Ru
Sif Muna
Trog
Vehumet
Xom
Yredelemnul
Zin
The Shining One
Beogh

Shops:
D:6 **   D:9 [   D:11 (   D:12 }   D:13 %[   D:14 ?   Orc:2 :   Orc:4 %[*%
Vaults:3 [

Annotations:
D:15 vpUX: , exclusion: Roxanne, Roxanne


Innate Abilities, Weirdness & Mutations

You do not eat or drink.
Your flesh is vulnerable to fire.
You are immune to poison.
Your flesh is cold resistant.
You are immune to negative energy.
You are immune to unholy pain and torment.
You can survive without breathing.
You are in touch with the powers of death.
You can restore your body by infusing magical energy.


Message History

You closely miss the vault warden.
Your spectral weapon hits the vault warden!!
Your spectral weapon is healed.
The vault warden misses your spectral weapon.
You slash the vault warden!
The vault warden is moderately wounded.
Your spectral weapon hits the vault warden!
The vault warden hits you with a dire flail!
The yaktaur is distracted by the nearby gold.
The yaktaur shouts!
Damage: 15 (max 15)
You closely miss the vault warden.
The vault warden is heavily wounded.
Your spectral weapon hits the vault warden but does no damage.
The vault warden hits you with a dire flail!
Damage: 12 (max 15)
You closely miss the vault warden.
The vault warden is moderately wounded.
Your spectral weapon fades away.
The yaktaur captain is no longer distracted by gold.
Unknown command.
You slash the vault warden!
The vault warden is heavily wounded.
The vault warden hits you but does no damage.
You hit the vault warden.
You feel better.
The vault warden is heavily wounded.
The vault warden hits you with a dire flail!!
* * * LOW HITPOINT WARNING * * *
Damage: 29 (max 29)
You hit the vault warden but do no damage.
The vault warden is heavily wounded.
Unknown command.
You slash the vault warden!
You feel better.
The vault warden is severely wounded.
The vault warden closely misses you.
You hit the vault warden.
The vault warden is severely wounded.
The yaktaur is no longer distracted by gold.
The vault warden hits you with a dire flail!
* * * LOW HITPOINT WARNING * * *
Damage: 12 (max 29) Unknown command.
The yaktaur shoots a bolt.
The bolt hits you but does no damage.
You see here a bolt.
The yaktaur shoots a bolt.
The bolt hits you.
* * * LOW HITPOINT WARNING * * *
You see here a bolt.
The yaktaur shoots a bolt.
The bolt hits you!!
You die...
Your body crumbles into a pile of gold.

..................#
c.[.......pH......#
#'##############$$#
#.............##.c#
#.............##cc#
#.............##c.#
#.............##p.#
#......>......##(.#
#........)....##@.#
#.............##..#
#.............##..#
#.............##..#
#.............##..#
#.............##..#
#.............##..#
#######'########..#
##......# #..#


You could see a vault warden, a yaktaur captain and 3 yaktaurs.

Vanquished Creatures
  Norris (Vaults:1)
  Asterion (Spider:3)
  An octopode crusher (Shoals:1)
  A sphinx (Vaults:1)
  Agnes (D:14)
  Donald (Spider:2)
  An orc warlord (Orc:4)
  Maud (D:12)
  2 vault wardens (Vaults:1)
  Louise (Spider:4)
  5 ghost moths
  8 emperor scorpions
  An ironheart preserver (Vaults:1)
  A merfolk impaler (Shoals:1)
  A fire dragon (Vaults:1)
  A vault guard (Vaults:1)
  Josephine (D:11)
  A great orb of eyes (Vaults:1)
  Fannar (D:10)
  Harold (D:11)
  6 hydras
  An entropy weaver (Spider:1)
  6 centaur warriors
  25 death yaks
  4 ogre magi
  8 orc high priests
  6 tengu warriors
  Urug (Lair:1)
  A sea snake (Shoals:2)
  2 unseen horrors
  A lindwurm (Lair:8)
  An anubis guard (shapeshifter) (D:13)
  An ice statue (Shoals:1)
  10 hill giants
  3 harpies (Shoals:2)
  A necromancer (D:15)
  5 hornets
  11 orc knights
  39 wolf spiders
  A deep elf conjurer (D:15)
  21 orb spiders
  3 ironbrand convokers (Vaults:1)
  2 salamanders
  A wizard (D:15)
  19 ugly things
  5 moths of wrath
  4 manticores
  9 orc sorcerers
  8 cyclopes
  7 fauns (Shoals:2)
  2 water nymphs (Shoals:2)
  2 sirens (Shoals:1)
  11 elephants
  10 black mambas
  A naga mage (D:15)
  3 torpor snails
  3 griffons
  18 komodo dragons
  A guardian serpent (Lair:8)
  4 gargoyles
  22 spiny frogs
  3 vault sentinels (Vaults:1)
  3 yaktaurs
  18 demonic crawlers
  2 kobold demonologists
  26 jumping spiders
  12 trolls
  2 tengu conjurers
  7 fire drakes
  3 freezing wraiths
  14 merfolk
  10 polar bears
  A raiju (Lair:8)
  2 wind drakes
  3 boulder beetles
  48 blink frogs
  13 two-headed ogres
  26 trapdoor spiders
  28 tarantellas
  11 slime creatures
  7 snapping turtles
  48 redbacks
  4 water elementals
  A shadow (D:13)
  6 hungry ghosts
  7 wraiths
  107 yaks
  A steam dragon (D:12)
  2 deep elf magi
  A deep elf fighter (D:14)
  A human (D:7)
  4 wyverns
  A basilisk (Lair:4)
  2 mottled dragons
  7 vampire mosquitoes
  22 wolves
  12 hippogriffs
  31 water moccasins
  10 porcupines
  10 wargs
  4 hell hounds (Lair:8)
  A swamp drake (D:9)
  68 orc warriors
  A soldier ant (D:11)
  22 spiders
  A spider (shapeshifter) (D:13)
  4 wasps
  4 sky beasts
  15 black bears
  3 phantoms
  A necrophage (D:11)
  5 ice beasts
  37 ogres
  19 centaurs
  20 crocodiles
  4 big kobolds
  33 giant frogs
  A wyvern skeleton (D:10)
  3 scorpions
  10 killer bees
  The ghost of emiel the Ruffian, a weakling CeTm (D:3)
  2 lava snakes (D:14)
  18 wights
  2 electric eels
  8 crimson imps
  5 jellies
  A quasit (D:10)
  4 human zombies (D:8)
  7 centaur zombies
  Crazy Yiuf (D:2)
  6 centaur skeletons
  2 giant frog zombies (D:10)
  37 orc priests
  A giant frog skeleton (D:8)
  16 hounds
  12 iguanas
  2 gnoll shamans
  42 orc wizards
  Natasha (thrice) (D:3)
  2 human skeletons (D:8)
  19 worker ants
  26 sheep
  A killer bee zombie (D:10)
  An ogre zombie (D:8)
  A mummy (D:8)
  2 human simulacra (D:14)
  A worker ant zombie (D:8)
  Robin (D:3)
  25 gnolls
  76 river rats
  22 adders
  4 shadow imps
  5 oozes
  An adder skeleton (D:8)
  A worm (D:4)
  3 giant geckos
  332 orcs
  12 bats
  7 giant cockroaches
  46 goblins
  34 hobgoblins
  3 quokkas
  5 ball pythons
  4 giant newts
  20 jackals
  A jackal skeleton (D:5)
  14 kobolds
  5 rats
  3 fungi
  A plant (Lair:1)
1941 creatures vanquished.

Vanquished Creatures (others)
  A hill giant (D:14)
  An ugly thing (D:14)
  A tarantella (Spider:3)
  A redback (Spider:3)
  A sky beast (D:6)
  2 centaurs (D:14)
  An orc warrior (Orc:4)
  4 river rats (Lair:6)
  56 fungi
  64 plants
  29 spectral weapons
161 creatures vanquished.

Grand Total: 2102 creatures vanquished

Notes
Turn   | Place    | Note
--------------------------------------------------------------
     0 | D:1      | Gorice the Mummy Wanderer began the quest for the Orb.
     0 | D:1      | Gorice set off with: a +2 dagger, a scroll of blinking, the Reference Book on Ice, a +0 ring mail
     0 | D:1      | Reached XP level 1. HP: 16/16 MP: 3/3
     0 | D:1      | Identified the Reference Book on Ice
     2 | D:1      | Learned a level 1 spell: Freeze
   340 | D:1      | Reached XP level 2. HP: 23/23 MP: 5/5
   709 | D:1      | Reached skill level 3 in Armour
   709 | D:1      | Reached XP level 3. HP: 24/28 MP: 6/6
   854 | D:2      | Reached skill level 3 in Fighting
  1106 | D:2      | You fall through a shaft!
  1173 | D:3      | Reached XP level 4. HP: 14/35 MP: 7/7
  1173 | D:3      | HP: 10/35 [adder (4)]
  1181 | D:3      | HP: 10/35 [kobold (1)]
  1646 | D:3      | Noticed Natasha
  1674 | D:3      | Killed Natasha
  1881 | D:2      | Found a stormy altar of Qazlal.
  2206 | D:3      | Found a faded altar to an unknown god.
  2509 | D:3      | Reached skill level 4 in Fighting
  2509 | D:3      | Reached XP level 5. HP: 36/42 MP: 8/8
  2596 | D:3      | Reached skill level 4 in Armour
  2829 | D:3      | Found a shadowy altar of Dithmenos.
  2830 | D:3      | Noticed a giant frog
  2849 | D:3      | HP: 9/43 [giant frog (7)]
  2851 | D:3      | Killed a giant frog
  2851 | D:3      | Reached XP level 6. HP: 7/49 MP: 9/9
  2853 | D:3      | Noticed Natasha
  2961 | D:2      | HP: 14/49 [adder (2)]
  3729 | D:3      | Noticed emiel's ghost (weakling CeTm)
  3752 | D:3      | Killed emiel's ghost
  3752 | D:3      | Reached skill level 5 in Fighting
  3805 | D:3      | Killed Natasha
  3960 | D:3      | Noticed Robin
  3982 | D:3      | Killed Robin
  4173 | D:3      | Noticed Natasha
  4182 | D:3      | Killed Natasha
  4705 | D:3      | Reached skill level 5 in Armour
  4784 | D:3      | Reached XP level 7. HP: 39/56 MP: 10/10
  4811 | D:3      | Noticed a big kobold
  4895 | D:2      | Killed a big kobold
  5362 | D:3      | Noticed a big kobold
  5418 | D:2      | Killed a big kobold
  5418 | D:2      | Reached skill level 6 in Fighting
  6780 | D:3      | Reached skill level 6 in Armour
  6780 | D:3      | Reached XP level 8. HP: 65/65 MP: 11/11
  6808 | D:4      | Reached skill level 7 in Fighting
  7048 | D:4      | Found a sacrificial altar of Ru.
  7665 | D:5      | Entered Level 5 of the Dungeon
  8187 | D:6      | Reached skill level 8 in Fighting
  8190 | D:6      | Reached skill level 7 in Armour
  8201 | D:6      | Found Sixye's Assorted Antiques.
  8216 | D:6      | Bought a wavering marble ring for 150 gold pieces
  8217 | D:6      | Identified the ring "Mos Jywk" {rElec rPois rF+ Stlth+} (You bought it in a shop on level 6 of the Dungeon)
  8218 | D:6      | Bought a glowing chain mail for 135 gold pieces
  8280 | D:6      | Found Foyreq's Assorted Antiques.
  8299 | D:6      | Found a staircase to the Ecumenical Temple.
  8300 | D:6      | Got a creamy pearl robe
  8301 | D:6      | Identified the +0 robe of Voegaffy {rF- Str+2 Dex+8} (You found it on level 6 of the Dungeon)
  8348 | Temple   | Entered the Ecumenical Temple
  8475 | Temple   | Became a worshipper of Gozag Ym Sagoz the Greedy
  8698 | D:6      | Reached XP level 9. HP: 75/75 MP: 12/12
  8747 | D:6      | Found a burning altar of Makhleb.
  9042 | D:6      | Reached skill level 9 in Fighting
  9281 | D:6      | Reached skill level 8 in Armour
  9806 | D:2      | Noticed Crazy Yiuf
  9822 | D:2      | Killed Crazy Yiuf
  9994 | D:7      | Found a shadowy altar of Dithmenos.
 10673 | D:7      | Reached skill level 10 in Fighting
 11134 | D:7      | Reached skill level 9 in Armour
 11512 | D:8      | Reached XP level 10. HP: 85/85 MP: 13/13
 12048 | D:8      | Found a sparkling altar of Nemelex Xobeh.
 12052 | D:8      | Found a blossoming altar of Fedhas.
 12228 | D:8      | Found a basalt altar of Yredelemnul.
 13218 | D:9      | Reached skill level 11 in Fighting
 13500 | D:9      | Found Uganisse's Armour Emporium.
 13847 | D:9      | Found a shimmering altar of Xom.
 13869 | D:9      | Reached skill level 10 in Armour
 14231 | D:9      | Found a staircase to the Orcish Mines.
 14935 | D:9      | Reached XP level 11. HP: 85/95 MP: 14/14
 14964 | Orc:1    | Entered Level 1 of the Orcish Mines
 15195 | D:9      | Reached skill level 12 in Fighting
 15543 | Orc:1    | Upgraded the game from 0.17-a0-1830-g81820eb to 0.17-a0-1831-gaadb308
 16289 | Orc:1    | HP: 24/95 [orc priest/divine providence (13)]
 16304 | Orc:1    | HP: 2/95 [orc priest/divine providence (14)]
 16783 | Orc:2    | Found Vuliphar's Book Emporium.
 18036 | D:6      | Bought a shiny plate armour for 667 gold pieces
 18051 | D:6      | Bought a glowing long sword for 101 gold pieces
 18125 | D:9      | Bought a +2 pair of gloves of dexterity for 301 gold pieces
 18436 | Orc:2    | Reached skill level 11 in Armour
 18593 | Orc:2    | HP: 25/96 [orc warrior/long sword (15)]
 18602 | Orc:2    | HP: 20/96 [orc warrior/long sword (7)]
 18617 | Orc:2    | HP: 20/96 [orc/club (4)]
 19473 | Orc:3    | Noticed an orc high priest
 19489 | Orc:3    | HP: 25/96 [orc high priest/divine providence (10)]
 19490 | Orc:3    | HP: 12/96 [orc/mace (1)]
 19495 | Orc:3    | HP: 4/96 [something/ball of steam[an orc high priest] (5)]
 19913 | D:10     | Entered Level 10 of the Dungeon
 20334 | D:9      | Reached skill level 13 in Fighting
 21257 | D:10     | Noticed Fannar
 21286 | D:10     | Killed Fannar
 21560 | D:11     | Found a staircase to the Lair.
 21635 | D:11     | Noticed a soul eater
 21870 | D:11     | Noticed Josephine
 21915 | D:11     | Killed Josephine
 21915 | D:11     | Reached skill level 12 in Armour
 21915 | D:11     | Reached XP level 12. HP: 53/105 MP: 15/15
 22401 | D:11     | HP: 27/106 [yak (8)]
 22413 | D:11     | HP: 22/106 [yak (6)]
 22418 | D:10     | HP: 16/106 [yak (7)]
 22903 | D:11     | Found Bejomaz's Antique Weapon Shoppe.
 23152 | D:11     | Noticed Harold
 23179 | D:11     | HP: 15/106 [Harold/bolt of fire (31)]
 23183 | D:11     | Killed Harold
 23183 | D:11     | Reached skill level 14 in Fighting
 25010 | D:11     | Upgraded the game from 0.17-a0-1831-gaadb308 to 0.17-a0-1910-g4c791fa
 25052 | Lair:1   | Entered Level 1 of the Lair of Beasts
 25788 | Lair:1   | Got a jewelled glaive
 26127 | Lair:1   | Identified the +5 glaive of Teijisk {speed, Str+4} (You found it on level 1 of the Lair of Beasts)
 26150 | Lair:1   | Reached skill level 13 in Armour
 26847 | Lair:1   | Noticed Urug
 26881 | Lair:1   | Killed Urug
 26881 | Lair:1   | Reached skill level 15 in Fighting
 27539 | Lair:1   | Upgraded the game from 0.17-a0-1910-g4c791fa to 0.17-a0-1914-gde4187c
 27588 | D:11     | Bought a dazzling quarterstaff for 207 gold pieces
 27588 | D:11     | Bought an ichor-stained quarterstaff for 207 gold pieces
 27588 | D:11     | Identified the cursed +1 quarterstaff "Bium" {crush, rElec rN+} (You bought it in a shop on level 11 of the Dungeon)
 27650 | Lair:1   | Identified the +9 quarterstaff of Blind Justice {freeze, *Contam +Blink MR+ Int+2} (You bought it in a shop on level 11 of the Dungeon)
 27823 | Lair:2   | Gained mutation: You are in touch with the powers of death. [Mummy growth]
 27823 | Lair:2   | Gained mutation: You can restore your body by infusing magical energy. [Mummy growth]
 27823 | Lair:2   | Reached XP level 13. HP: 115/115 MP: 16/16
 28033 | Lair:2   | Found a dark tunnel.
 28041 | Lair:2   | Reached skill level 1 in Long Blades
 28157 | Volcano  | Entered a volcano
 28219 | Volcano  | HP: 32/115 [salamander/great sword of flaming (6)]
 28222 | Volcano  | HP: 14/115 [salamander/great sword of flaming (7)]
 28224 | Volcano  | HP: 4/115 [salamander/great sword of flaming (3)]
 28302 | Lair:2   | HP: 21/115 [crocodile (5)]
 28307 | Lair:2   | HP: 9/115 [crocodile (2)]
 28814 | Lair:2   | Reached skill level 2 in Long Blades
 29633 | Lair:3   | Found a staircase to the Shoals.
 29714 | Lair:3   | Reached skill level 3 in Long Blades
 30507 | Lair:2   | HP: 31/115 [death yak (18)]
 31000 | Lair:3   | Reached skill level 4 in Long Blades
 31467 | Lair:3   | HP: 33/115 [komodo dragon (10)]
 31476 | Lair:3   | HP: 20/115 [komodo dragon (11)]
 32109 | Lair:4   | Reached skill level 5 in Long Blades
 32293 | Lair:4   | Upgraded the game from 0.17-a0-1914-gde4187c to 0.17-a0-1923-gc35365e
 34068 | Lair:4   | Reached skill level 6 in Long Blades
 34296 | Lair:4   | Reached skill level 14 in Armour
 35433 | Lair:5   | Reached skill level 7 in Long Blades
 35714 | Lair:5   | Reached XP level 14. HP: 65/123 MP: 17/17
 36845 | Lair:5   | HP: 21/123 [death yak (19)]
 36852 | Lair:5   | HP: 8/123 [death yak (15)]
 37612 | Lair:6   | Found a staircase to the Slime Pits.
 37976 | Lair:6   | Reached skill level 8 in Long Blades
 38678 | Lair:4   | HP: 28/123 [komodo dragon (16)]
 40230 | Lair:6   | Found a hole to the Spider Nest.
 40443 | Lair:6   | HP: 32/123 [death yak (18)]
 40925 | Lair:6   | Reached skill level 9 in Long Blades
 41818 | D:12     | Noticed Maud
 41851 | D:12     | HP: 34/123 [Maud/double sword of electrocution (7)]
 41864 | D:12     | HP: 15/123 [Maud/double sword of electrocution (23)]
 41871 | D:12     | Killed Maud
 43655 | D:12     | Found Hegick's Gadget Emporium.
 43659 | D:12     | Bought a lantern of shadows for 260 gold pieces
 43683 | D:12     | Reached skill level 10 in Long Blades
 45549 | Lair:7   | Reached XP level 15. HP: 89/129 MP: 18/18
 45732 | Lair:7   | Reached skill level 15 in Armour
 46428 | Lair:6   | Reached skill level 11 in Long Blades
 46864 | Lair:8   | Entered Level 8 of the Lair of Beasts
 48246 | Lair:8   | Reached skill level 12 in Long Blades
 50239 | Lair:8   | Got an ancient silver ring
 50250 | Lair:8   | Identified the ring "Molot" {Wiz rN+ Dex+6} (You found it on level 8 of the Lair of Beasts)
 51348 | Orc:3    | Killed an orc high priest
 51377 | Orc:3    | Found a roughly hewn altar of Beogh.
 51424 | Orc:3    | Reached skill level 13 in Long Blades
 51547 | Orc:4    | Entered Level 4 of the Orcish Mines
 51739 | Orc:4    | Reached XP level 16. HP: 130/136 MP: 19/19
 52975 | Orc:4    | Found a roughly hewn altar of Beogh.
 53937 | Orc:4    | HP: 37/135 [orc/flail (9)]
 54685 | Orc:4    | Found Totishe's Antique Armour Boutique.
 54730 | Orc:4    | Bought a pair of glowing boots for 153 gold pieces
 54834 | Orc:4    | Reached skill level 16 in Armour
 54920 | Orc:4    | Found Giarphod's Food Shop.
 55022 | Orc:4    | Found a staircase to the Elven Halls.
 55462 | Orc:4    | Reached skill level 1 in Dodging
 55514 | Orc:4    | Found a roughly hewn altar of Beogh.
 55679 | Orc:4    | Found Nailanos's General Store.
 55692 | Orc:4    | Found Ziquhodgh's Food Shop.
 55708 | Orc:4    | Bought a scroll of teleportation for 33 gold pieces
 55708 | Orc:4    | Bought a scroll of enchant armour for 82 gold pieces
 55708 | Orc:4    | Bought a scroll of fog for 22 gold pieces
 56272 | Orc:4    | Bought a phial of floods for 440 gold pieces
 56487 | Lair:1   | Identified a +7 rod of destruction (12/12) {!a} (You took it off an orc sorcerer on level 4 of the Orcish Mines)
 56690 | Spider:1 | Entered Level 1 of the Spider Nest
 56746 | Spider:1 | Reached skill level 14 in Long Blades
 56966 | Spider:1 | Reached skill level 2 in Dodging
 58248 | Spider:1 | Reached skill level 3 in Dodging
 59768 | Spider:1 | HP: 40/135 [redback (10)]
 60357 | Spider:1 | HP: 36/135 [demonic crawler (6)]
 60791 | Spider:2 | Reached skill level 4 in Dodging
 61210 | Spider:2 | Noticed Donald
 61228 | Spider:2 | Killed Donald
 61658 | Spider:1 | HP: 39/135 [entropy weaver (10)]
 61662 | Spider:1 | Reached skill level 15 in Long Blades
 62037 | Spider:2 | HP: 36/135 [emperor scorpion (9)]
 62374 | Spider:2 | Reached XP level 17. HP: 141/141 MP: 20/20
 62850 | Spider:3 | Reached skill level 5 in Dodging
 64425 | Spider:3 | Noticed Asterion
 64432 | Spider:3 | HP: 42/141 [Asterion/demon whip of draining (16)]
 64987 | Lair:1   | Upgraded the game from 0.17-a0-1923-gc35365e to 0.17-a0-1939-ga475588
 65415 | D:13     | Found a gate to the Vaults.
 65986 | D:13     | Reached skill level 6 in Dodging
 66098 | D:13     | Found Xeddumyv's Armour Shoppe.
 66142 | D:13     | Found Jota Dash's Food Emporium.
 66155 | D:13     | Bought a +3 plate armour of fire resistance for 630 gold pieces
 66344 | D:14     | Found Seijey's Magic Scroll Shop.
 66348 | D:14     | Bought a scroll of enchant armour for 112 gold pieces
 66348 | D:14     | Bought a scroll of teleportation for 45 gold pieces
 66348 | D:14     | Bought a scroll of identify for 30 gold pieces
 66348 | D:14     | Bought a scroll of identify for 30 gold pieces
 66348 | D:14     | Bought a scroll of summoning for 142 gold pieces
 66348 | D:14     | Bought a scroll of teleportation for 45 gold pieces
 66348 | D:14     | Bought a scroll of remove curse for 45 gold pieces
 66647 | D:14     | Noticed Agnes
 66677 | D:14     | HP: 35/141 [Agnes/lajatang of speed (12)]
 66680 | D:14     | HP: 15/141 [Agnes/lajatang of speed (16)]
 66683 | D:14     | Killed Agnes
 66683 | D:14     | Reached skill level 16 in Long Blades
 67109 | D:14     | Reached skill level 3 in Spellcasting
 67517 | D:14     | HP: 39/142 [17-headed hydra (5)]
 68351 | Lair:1   | Learned a level 3 spell: Spectral Weapon
 68457 | Lair:3   | Reached skill level 1 in Charms
 68761 | Spider:3 | Reached skill level 1 in Hexes
 69049 | Spider:4 | Entered Level 4 of the Spider Nest
 69191 | Spider:4 | Noticed Louise
 69257 | Spider:3 | Reached skill level 2 in Charms
 69455 | Spider:4 | Killed Louise
 69455 | Spider:4 | Reached skill level 2 in Hexes
 69995 | Spider:4 | Reached skill level 4 in Spellcasting
 70330 | Spider:4 | Reached skill level 3 in Hexes
 70336 | Spider:4 | Reached skill level 3 in Charms
 71095 | Spider:4 | Reached skill level 4 in Hexes
 71095 | Spider:4 | Reached XP level 18. HP: 54/149 MP: 24/24
 71096 | Spider:4 | HP: 44/149 [redback (11)]
 71110 | Spider:4 | HP: 44/149 [redback (3)]
 71118 | Spider:3 | HP: 31/149 [trapdoor spider (6)]
 71861 | Spider:4 | Reached skill level 4 in Charms
 72428 | Spider:4 | Reached skill level 5 in Hexes
 72942 | Spider:4 | Reached skill level 5 in Spellcasting
 73098 | Spider:4 | Got a gossamer rune of Zot
 73194 | Spider:3 | Killed Asterion
 73441 | Spider:3 | Reached skill level 5 in Charms
 73720 | Shoals:1 | Entered Level 1 of the Shoals
 74351 | Shoals:1 | Found Ratzed's Armour Shoppe.
 74501 | Shoals:1 | Reached skill level 6 in Hexes
 76094 | Shoals:2 | Reached skill level 6 in Charms
 76220 | Shoals:2 | HP: 20/149 [merfolk aquamancer/shard of ice (33)]
 76646 | Shoals:1 | Reached skill level 6 in Spellcasting
 76822 | Shoals:2 | Upgraded the game from 0.17-a0-1939-ga475588 to 0.17-a0-1942-g46ae386
 77007 | D:15     | Entered Level 15 of the Dungeon
 77080 | D:15     | Reached skill level 7 in Hexes
 77103 | D:15     | Found a staircase to the Depths.
 77238 | D:15     | Noticed Roxanne
 78137 | Vaults:1 | Entered Level 1 of the Vaults
 78467 | Vaults:1 | Reached skill level 7 in Charms
 78933 | Vaults:1 | Noticed Norris
 78975 | Vaults:1 | Killed Norris
 78975 | Vaults:1 | Reached skill level 8 in Hexes
 78976 | Vaults:1 | HP: 43/149 [hornet (4)]
 79383 | Vaults:1 | HP: 44/149 [vault warden/battleaxe of electrocution (12)]
 79387 | Vaults:1 | HP: 15/149 [orc warrior/mace of holy wrath[an orc knight] (8)]
 79387 | Vaults:1 | HP: 6/149 [vault warden/battleaxe of electrocution (8)]
 79905 | Vaults:1 | Reached XP level 19. HP: 155/155 MP: 25/29
 79951 | Vaults:1 | Reached skill level 7 in Spellcasting
 80309 | Vaults:1 | Reached skill level 8 in Charms
 80457 | Vaults:1 | HP: 28/155 [vault warden/dire flail (30)]
 80464 | Vaults:1 | HP: 22/155 [yaktaur/bolt[a vault warden] (1)]
 80465 | Vaults:1 | Shot with a bolt by a yaktaur

Vault maps used:
D:1:      lightli_arrival_quake
D:2:      nicolae_overflow_hidden_temple, uniq_crazy_yiuf_cottage
D:3:      minmay_goblin_kobold_castle, ecumenical_altar_1,
          grunt_dithmenos_smoke, uniq_robin, uniq_natasha
D:4:      overflow_temple_1_default, minmay_gold_behind_fungi
D:5:      first_bread, hangedman_abyss_or_decor_passed, grunt_decor_cap
D:6:      lemuel_doored_altar, temple_fountains, serial_shops,
          nicolae_shop_competitors_out_of_business,
          nicolae_shop_overgrown_old_shop, lemuel_flame_loot_1
D:7:      kennysheep_little_box, moated_statue, grunt_livestock
D:8:      lemuel_mausoleum_altar_yredelemnul, grunt_temple_overflow_open
D:9:      erik_orc_1, basic_altar, minmay_misc_feat_plants
D:10:     minmay_misc_feat_rows, grunt_ministairs_4, hive_lemuel, uniq_fannar
D:11:     due_lair_maze_entry_diamond, minivault_14, kennysheep_generic_room_5,
          uniq_josephine, uniq_harold
D:12:     uniq_maud
D:13:     minmay_cut_squares, david_vaults_2, serial_shops, shop,
          kennysheep_generic_room_6
D:14:     kennysheep_path_1, bh_circular_ruins, uniq_agnes
D:15:     grunt_enter_depths_magical_seal, nrook_mini_vaults, uniq_roxanne
Temple:   zaba_magenta_temple_12
Lair:1:   uniq_urug
Lair:2:   enter_volcano_3, grunt_megastairs_4, serial_bayou_shore_b
Lair:3:   minmay_shoals_entry_hut, grunt_megastairs_1,
          infiniplex_staircase_pool_2
Lair:4:   lemuel_fruit_fields, grunt_megastairs_5, serial_bayou_shore_b
Lair:5:   st_stairs_7
Lair:6:   spider_nest_entry_web_field, nicolae_slime_entry_slimehenge,
          serial_bayou_shore_a
Lair:8:   hangedman_lair_tendril_chambers, hangedman_lair_caniforms_friends
Shoals:1: cheibrodos_shoals_oceanic_diplomacy, serial_shops, nicolae_shop_trees,
          dpeg_stationary_puzzle
Shoals:2: kb_tengu_band
Spider:2: guppyfry_spider_mini_3, uniq_donald
Spider:3: uniq_asterion
Spider:4: grunt_spider_rune_island, spider_trap, spiders_nest_spider_trap,
          uniq_louise
Orc:1:    guppyfry_library_mini
Orc:2:    serial_shops, nicolae_shop_window_shopping
Orc:3:    special_room, enter_bailey_5, nicolae_orc_pool_cavern
Orc:4:    pubby_orc_utopia
Vaults:1: nicolae_vaults_stairing_the_circle, v_misc_16,
          hangedman_vaults_slither, hangedman_vaults_hat, v_alt_pattern_1,
          hangedman_vaults_trim, nicolae_vaults_three_branches, uniq_norris
Volcano:  volcano_pools

Action                   |  1- 3 |  4- 6 |  7- 9 | 10-12 | 13-15 | 16-18 | 19-21 || total
-------------------------+-------+-------+-------+-------+-------+-------+-------++-------
Melee: Dagger            |   175 |   401 |   731 |  2100 |  1521 |       |       ||  4928
       Quarterstaff      |       |       |       |     1 |       |       |       ||     1
       Double sword      |       |       |       |       |  1167 |  2545 |       ||  3712
       Great sword       |       |       |       |       |    42 |   263 |   117 ||   422
 Fire: Hunting sling     |       |    12 |    17 |    19 |       |       |       ||    48
       Blowgun           |       |     5 |    29 |    23 |     4 |     9 |       ||    70
Throw: Stone             |    17 |     3 |       |       |       |       |       ||    20
       Javelin           |       |       |       |    15 |    21 |    15 |       ||    51
       Tomahawk          |       |       |       |    40 |   411 |   165 |       ||   616
       Throwing net      |       |       |       |     3 |       |     1 |       ||     4
 Cast: Spectral Weapon   |       |       |       |       |       |    52 |    13 ||    65
Invok: Call Merchant     |       |       |       |     2 |     1 |     3 |       ||     6
       Potion Petition   |       |       |       |       |     1 |     3 |       ||     4
Evoke: Wand              |       |       |       |     2 |     6 |     2 |       ||    10
       Lamp of fire      |       |       |       |       |     1 |       |       ||     1
       Box of beasts     |       |       |       |       |     1 |       |       ||     1
       Rod               |       |       |       |       |       |     7 |       ||     7
  Use: Scroll            |       |       |    12 |    14 |    15 |    15 |       ||    56
 Stab: Distracted        |       |       |       |     6 |    13 |    27 |     3 ||    49
       Paralysed         |       |       |       |       |       |     1 |       ||     1

Table legend:
 A = Turns spent in this place as a percentage of turns spent in the entire game.
 B = Non-inter-level travel turns spent in this place as a percentage of non-inter-level travel turns spent in the entire game.
 C = Inter-level travel turns spent in this place as a percentage of turns spent in this place.
 D = Turns resting spent in this place as a percentage of non-inter-level travel turns spent in this place.
 E = Turns spent auto-exploring this place as a percentage of non-inter-level travel turns spent in this place.
 F = Non-inter-level travel turns spent in this place divided by the number of levels of this place that you've seen.
                   A       B       C       D       E      F
               +-------+-------+-------+-------+-------+----------------------
         Total | 100.0 | 100.0 |   0.4 |   3.2 |   2.5 | 836.7
       Dungeon |  33.9 |  33.9 |   0.5 |   2.7 |   3.7 | 680.8
        Temple |   0.3 |   0.3 |   1.3 |   0.0 |   6.4 |  78.0
          Lair |  28.8 |  28.7 |   0.6 |   3.4 |   2.2 | 1082.1
        Shoals |   4.5 |   4.5 |   0.3 |   3.6 |   1.2 | 671.5
   Spider Nest |  13.9 |  13.9 |   0.4 |   4.8 |   1.9 | 1043.5
  Orcish Mines |  15.4 |  15.5 |   0.3 |   2.4 |   1.0 | 1164.5
        Vaults |   3.1 |   3.1 |   0.0 |   3.3 |   2.7 | 927.0
       Volcano |   0.2 |   0.2 |   0.0 |   0.0 |   0.0 |  71.0
               +-------+-------+-------+-------+-------+----------------------

Vault maps used:
D:1:      lightli_arrival_quake
D:2:      nicolae_overflow_hidden_temple, uniq_crazy_yiuf_cottage
D:3:      minmay_goblin_kobold_castle, ecumenical_altar_1,
          grunt_dithmenos_smoke, uniq_robin, uniq_natasha
D:4:      overflow_temple_1_default, minmay_gold_behind_fungi
D:5:      first_bread, hangedman_abyss_or_decor_passed, grunt_decor_cap
D:6:      lemuel_doored_altar, temple_fountains, serial_shops,
          nicolae_shop_competitors_out_of_business,
          nicolae_shop_overgrown_old_shop, lemuel_flame_loot_1
D:7:      kennysheep_little_box, moated_statue, grunt_livestock
D:8:      lemuel_mausoleum_altar_yredelemnul, grunt_temple_overflow_open
D:9:      erik_orc_1, basic_altar, minmay_misc_feat_plants
D:10:     minmay_misc_feat_rows, grunt_ministairs_4, hive_lemuel, uniq_fannar
D:11:     due_lair_maze_entry_diamond, minivault_14, kennysheep_generic_room_5,
          uniq_josephine, uniq_harold
D:12:     uniq_maud
D:13:     minmay_cut_squares, david_vaults_2, serial_shops, shop,
          kennysheep_generic_room_6
D:14:     kennysheep_path_1, bh_circular_ruins, uniq_agnes
D:15:     grunt_enter_depths_magical_seal, nrook_mini_vaults, uniq_roxanne
Temple:   zaba_magenta_temple_12
Lair:1:   uniq_urug
Lair:2:   enter_volcano_3, grunt_megastairs_4, serial_bayou_shore_b
Lair:3:   minmay_shoals_entry_hut, grunt_megastairs_1,
          infiniplex_staircase_pool_2
Lair:4:   lemuel_fruit_fields, grunt_megastairs_5, serial_bayou_shore_b
Lair:5:   st_stairs_7
Lair:6:   spider_nest_entry_web_field, nicolae_slime_entry_slimehenge,
          serial_bayou_shore_a
Lair:8:   hangedman_lair_tendril_chambers, hangedman_lair_caniforms_friends
Shoals:1: cheibrodos_shoals_oceanic_diplomacy, serial_shops, nicolae_shop_trees,
          dpeg_stationary_puzzle
Shoals:2: kb_tengu_band
Spider:2: guppyfry_spider_mini_3, uniq_donald
Spider:3: uniq_asterion
Spider:4: grunt_spider_rune_island, spider_trap, spiders_nest_spider_trap,
          uniq_louise
Orc:1:    guppyfry_library_mini
Orc:2:    serial_shops, nicolae_shop_window_shopping
Orc:3:    special_room, enter_bailey_5, nicolae_orc_pool_cavern
Orc:4:    pubby_orc_utopia
Vaults:1: nicolae_vaults_stairing_the_circle, v_misc_16,
          hangedman_vaults_slither, hangedman_vaults_hat, v_alt_pattern_1,
          hangedman_vaults_trim, nicolae_vaults_three_branches, uniq_norris
Volcano:  volcano_pools
